 Dungeon Crawl Stone Soup version 0.21.1-1-g345015f (webtiles) character file.

72710 nicolaieve the Severer (level 15, -25/141 HPs)
             Began as a Minotaur Berserker on June 27, 2018.
             Was the Champion of Trog.
             Annihilated by an ettin
             ... wielding a +0 dire flail
              (37 damage)
             ... on level 12 of the Dungeon.
             The game lasted 01:34:19 (16053 turns).

nicolaieve the Severer (Minotaur Berserker)        Turns: 16053, Time: 01:34:20

Health: -25/141    AC: 27    Str: 36    XL:     15   Next: 1%
Magic:  4/4        EV: 10    Int:  1    God:    Trog [******]
Gold:   1401       SH:  6    Dex: 11    Spells: 14/14 levels left

rFire    . . .     SeeInvis .   o - +2 war axe (antimagic)
rCold    + + .     Gourm    .   E - +0 buckler
rNeg     . . .     Faith    .   U - +7 ice dragon scales "Ugguppi" {*Contam rF- rC++ MR- Regen+ Str+9}
rPois    +         Spirit   .   (helmet restricted)
rElec    +         Reflect  .   Z - +2 cloak {rF+}
rCorr    .         Harm     .   T - +0 pair of gloves of the Wumpus {rElec rPois Regen+ Int-3}
MR       .....                  D - +0 pair of boots
Stlth    +.........             M - amulet of regeneration
HPRegen  1.53/turn              d - ring of stealth
MPRegen  0.09/turn              X - +1 ring of protection

@: heavily drained
A: retaliatory headbutt, horns 2
a: Berserk, Trog's Hand, Brothers in Arms, Burn Spellbooks, Renounce Religion


You were on level 12 of the Dungeon.
You worshipped Trog.
Trog was exalted by your worship.
You were hungry.

You visited 2 branches of the dungeon, and saw 18 of its levels.
You also visited: Sewer, Ossuary, Bailey and Volcano.

You collected 1449 gold pieces.
You spent 48 gold pieces at shops.

Inventory:

Hand Weapons
 b - a +2 hand axe of freezing
 g - a +5 battleaxe
 i - a +3 hand axe of electrocution
 o - a +2 antimagic war axe (weapon)
 H - a +0 whip of flaming
 J - a +0 battleaxe of flaming
 O - a +0 broad axe of venom
 R - a +4 executioner's axe of venom
Armour
 A - the +27 Lear's hauberk
   (You found it on level 7 of the Dungeon)
 D - a +0 pair of boots (worn)
 E - a +0 buckler (worn)
 T - the +0 pair of gloves of the Wumpus (worn) {rElec rPois Regen+ Int-3}
   (You found it in a bailey)

   It affects your intelligence (-3).
   It insulates you from electricity.
   It protects you from poison.
   It increases your rate of regeneration.
 U - the +7 ice dragon scales "Ugguppi" (worn) {*Contam rF- rC++ MR- Regen+ Str+9}
   (You found it in a bailey)

   It affects your strength (+9).
   It makes you vulnerable to fire.
   It greatly protects you from cold.
   It affects your resistance to hostile enchantments.
   It causes magical contamination when unequipped.
   It increases your rate of regeneration.
 Z - a +2 cloak of fire resistance (worn)
Jewellery
 d - a ring of stealth (left hand)
 w - an uncursed amulet of faith {unknown}
 M - an amulet of regeneration (around neck)
 X - a +1 ring of protection (right hand)
 Y - a +3 ring of dexterity {unknown}
Wands
 q - a wand of iceblast (18)
 y - a wand of acid (7)
 B - a wand of digging (27)
 G - a wand of flame (30)
 S - a wand of scattershot (3)
 V - a wand of paralysis (24)
Scrolls
 f - a scroll of brand weapon {unknown}
 h - 5 scrolls of magic mapping {unknown}
 j - 5 scrolls of amnesia {unknown}
 k - a scroll of enchant armour {unknown}
 m - 4 scrolls of enchant weapon {unknown}
 r - 5 scrolls of fear {unknown}
 t - 10 scrolls of remove curse {unknown}
 x - 10 scrolls of teleportation {unknown}
 F - 3 scrolls of blinking {unknown}
 N - 4 scrolls of immolation {unknown}
 P - 2 scrolls of holy word {unknown}
 Q - 2 scrolls of torment {unknown}
Potions
 a - a potion of agility
 e - 5 potions of brilliance
 l - 14 potions of curing
 s - a potion of resistance
 u - 6 potions of might
 v - 7 potions of heal wounds
 z - 4 potions of mutation
 K - 5 potions of haste
 L - 3 potions of cancellation {unknown}
 W - a potion of experience {unknown}
Comestibles
 c - 25 rations
 n - 4 chunks of flesh


   Skills:
 + Level 15.0(11.6) Fighting
 * Level 20.3(16.5) Axes
 + Level 12.7(9.5) Armour
 - Level 2.1(0.0) Dodging
 * Level 12.7(9.5) Shields


You had 14 spell levels left.
You didn't know any spells.

Dungeon Overview and Level Annotations

Branches:
Dungeon (12/15)            Temple (0/1) D:4            Lair (6/6) D:9
  Swamp (0/4) Lair:2       Spider (0/4) Lair:2        Slime (0/5) Lair:6
    Orc (0/2) D:12

Altars:
Cheibriados
Dithmenos
Gozag
Kikubaaqudgha
Nemelex Xobeh
Okawaru
Sif Muna
Trog
Uskayaw
Vehumet
Wu Jian
Xom
Yredelemnul
Zin
The Shining One
Jiyva

Shops:
D:6 %   D:7 *   D:8 [   D:12 ?


Innate Abilities, Weirdness & Mutations

You reflexively headbutt those who attack you in melee.
You have a pair of horns on your head.


Message History

Your base Fighting skill increases to level 15!
You have reached level 15!
Your experience leads to an increase in your attributes!
Your base attributes are Str 26, Int 4, Dex 11.
Increase (S)trength, (I)ntelligence, or (D)exterity?
You feel stronger.
n - 4 chunks of flesh (gained 2)
There is a stone staircase leading up here.
You are feeling hungry.
The ettin shouts in stereo!
The ettin hits you with a dire flail!!! The ettin hits you but does no damage.
The ettin hits you with a dire flail!!
* * * LOW HITPOINT WARNING * * *
The ettin hits you with a dire flail!
* * * LOW HITPOINT WARNING * * *
You block the ettin's attack. The ettin hits you with a dire flail!
* * * LOW HITPOINT WARNING * * *
The ettin barely misses you. You block the ettin's attack.
The ettin hits you with a dire flail!!!
You die...

......##.##....###..#
.(....)##.##..##.#..#
........##.####..#..#
.........##.##...#..#
..........##9....#..#
..........##.....#..#
.........##......#..#
........##.....C.#..#
.......##.......@#..#
)..)).############..#
...)................#
....................#
#####################


You could see an ettin and a war gargoyle.

Vanquished Creatures
  A tengu reaver (D:11)
  A shadow dragon (D:12)
  Fannar (Lair:3)
  2 two-headed ogres
  6 hydras
  2 catoblepae
  A dancing weapon (Volcano)
  12 death yaks
  5 wizards (Volcano)
  An orc knight (Bailey)
  Pikel (D:6)
  2 ugly things
  2 manticores
  A cyclops (D:11)
  5 toenail golems (Volcano)
  2 centaur zombies
  3 elephants (Lair:6)
  5 torpor snails (Lair:2)
  6 black mambas
  2 gargoyles
  23 spiny frogs
  2 rime drakes
  8 komodo dragons
  A merfolk (D:12)
  3 trolls
  A jumping spider (Lair:2)
  4 tyrant leeches (Lair:6)
  A hornet (D:8)
  3 polar bears
  46 blink frogs
  Prince Ribbit (D:7)
  8 hippogriffs
  6 wraiths
  3 wyverns
  A redback (Lair:2)
  A vampire (D:12)
  39 yaks
  6 vampire mosquitoes (Lair:6)
  5 basilisks
  A steam dragon (Lair:4)
  3 wargs (D:12)
  10 water moccasins
  16 porcupines
  3 phantoms
  7 orc warriors
  A sky beast (D:9)
  4 slaves (D:6)
  3 ice beasts
  An eye of draining (D:12)
  4 black bears
  7 ogres
  2 necrophages (D:8)
  A wolf (D:9)
  3 centaurs
  14 crocodiles
  A big kobold (D:10)
  20 bullfrogs
  A gnoll sergeant (D:7)
  2 elf skeletons (D:8)
  4 scorpions
  4 killer bees (D:7)
  8 wights
  6 howler monkeys
  An electric eel (Lair:6)
  A bullfrog zombie (D:12)
  2 crimson imps
  3 jellies
  9 orc wizards
  3 human zombies
  5 orc priests
  A bullfrog skeleton (D:12)
  7 hounds
  2 human skeletons (D:8)
  3 iguanas
  12 worker ants
  Ijyb (D:3)
  An ogre zombie (D:8)
  2 hound zombies (D:5)
  2 hound skeletons
  The ghost of Iko the Covered, a weakling VSWn (D:3)
  4 mummies
  2 worker ant zombies (D:7)
  17 gnolls
  17 adders
  A shadow imp (D:5)
  An ooze (D:4)
  An adder zombie (D:5)
  7 worms
  3 dart slugs
  3 leopard geckos
  74 orcs
  6 giant cockroaches
  3 gnoll zombies (Ossuary)
  8 goblins
  6 hobgoblins
  4 jackals (Sewer)
  A quokka (shapeshifter) (D:12)
  A quokka (D:9)
  4 ball pythons
  7 bats
  9 frilled lizards
  2 goblin zombies (Ossuary)
  3 hobgoblin zombies (Ossuary)
  A jackal skeleton (D:8)
  19 kobolds
  3 kobold zombies (Ossuary)
  A quokka skeleton (D:6)
  7 rats
  5 fungi
  3 plants
628 creatures vanquished.

Vanquished Creatures (others)
  3 fungi
  32 plants
35 creatures vanquished.

Grand Total: 663 creatures vanquished

Notes
Turn   | Place    | Note
-------+----------+-------------------------------------------
     0 | D:1      | nicolaieve the Minotaur Berserker began the quest for the Orb.
     0 | D:1      | Reached XP level 1. HP: 19/19 MP: 0/0
   290 | D:1      | Reached skill level 4 in Axes
   347 | D:1      | Reached XP level 2. HP: 16/27 MP: 1/1
   779 | D:2      | Found a bloodstained altar of Trog.
   833 | D:2      | Found a snail-covered altar of Cheibriados.
   840 | D:2      | Reached XP level 3. HP: 22/33 MP: 2/2
   902 | D:2      | Reached ** piety under Trog
  1050 | D:2      | Reached skill level 5 in Axes
  1257 | D:2      | Reached XP level 4. HP: 39/41 MP: 3/3
  1625 | D:3      | Noticed Iko's ghost (weakling VSWn)
  1629 | D:3      | Killed Iko's ghost
  1709 | D:3      | Noticed Ijyb
  1722 | D:3      | Killed Ijyb
  1722 | D:3      | Reached skill level 6 in Axes
  1722 | D:3      | Reached XP level 5. HP: 29/47 MP: 4/4
  1955 | D:3      | Found a faded altar of an unknown god.
  2015 | D:3      | Found a glowing drain.
  2027 | Sewer    | Entered a sewer
  2101 | Sewer    | Reached XP level 6. HP: 53/53 MP: 5/5
  2273 | Sewer    | Reached *** piety under Trog
  2740 | D:3      | Found a basalt altar of Yredelemnul.
  2763 | D:3      | Reached skill level 7 in Axes
  2867 | D:3      | Found a shadowy altar of Dithmenos.
  3297 | D:4      | Reached skill level 5 in Fighting
  3297 | D:4      | Reached skill level 8 in Axes
  3345 | D:4      | Reached XP level 7. HP: 26/61 MP: 6/6
  3475 | D:4      | Found a staircase to the Ecumenical Temple.
  3547 | D:4      | Found a shimmering altar of Xom.
  3550 | D:4      | Found a glowing golden altar of the Shining One.
  3550 | D:4      | Found a basalt altar of Yredelemnul.
  3553 | D:4      | Found a shimmering altar of Xom.
  3553 | D:4      | Found an iron altar of Okawaru.
  3553 | D:4      | Found a hide-covered altar of Uskayaw.
  3557 | D:4      | Reached skill level 9 in Axes
  3557 | D:4      | Reached skill level 5 in Armour
  3600 | D:4      | Found an iron altar of Okawaru.
  3654 | D:4      | Reached **** piety under Trog
  3654 | D:4      | Received a gift from Trog
  3664 | D:5      | Entered Level 5 of the Dungeon
  3792 | D:5      | Reached XP level 8. HP: 62/69 MP: 7/7
  3798 | D:5      | Reached skill level 10 in Axes
  4284 | D:6      | Reached skill level 11 in Axes
  4284 | D:6      | Reached skill level 1 in Shields
  4324 | D:6      | Noticed Pikel
  4358 | D:6      | Killed Pikel
  4358 | D:6      | Reached XP level 9. HP: 62/77 MP: 8/8
  4472 | D:6      | Found a radiant altar of Vehumet.
  4472 | D:6      | Found a glowing silver altar of Zin.
  4557 | D:6      | Found a deep blue altar of Sif Muna.
  4585 | D:6      | Found a shimmering altar of Xom.
  4601 | D:6      | Found a sand-covered staircase.
  4612 | D:6      | Reached skill level 12 in Axes
  4618 | Ossuary  | Entered an ossuary
  5088 | D:6      | Found Buahurime's Food Shoppe.
  5445 | D:7      | Reached ***** piety under Trog
  5513 | D:7      | Noticed Prince Ribbit
  5523 | D:7      | Killed Prince Ribbit
  5562 | D:7      | Found Ubopn's Assorted Antiques.
  5645 | D:7      | Found an ornate altar of the Wu Jian Council.
  5831 | D:7      | Reached skill level 13 in Axes
  5907 | D:7      | Found the +27 Lear's hauberk
  6298 | D:8      | Found an ancient bone altar of Kikubaaqudgha.
  6315 | D:8      | Reached XP level 10. HP: 85/86 MP: 9/9
  6504 | D:8      | Noticed a two-headed ogre
  6512 | D:8      | Killed a two-headed ogre
  6512 | D:8      | Reached skill level 14 in Axes
  6589 | D:8      | Reached skill level 5 in Shields
  6633 | D:8      | Found an opulent altar of Gozag.
  6663 | D:8      | Found a sparkling altar of Nemelex Xobeh.
  6681 | D:8      | Found Gapokuv's Armour Boutique.
  6961 | D:9      | Received a gift from Trog
  7039 | D:9      | Found a staircase to the Lair.
  7078 | D:9      | Reached skill level 15 in Axes
  7313 | D:9      | Found a flagged portal.
  7322 | Bailey   | Entered a bailey
  7604 | Bailey   | Got a pair of brightly glowing gloves
  7607 | Bailey   | Got scorched ice dragon scales
  7619 | Bailey   | Noticed an orc knight
  7627 | Bailey   | Killed an orc knight
  7627 | Bailey   | Reached XP level 11. HP: 97/97 MP: 10/10
  7829 | D:9      | Identified the +7 ice dragon scales "Ugguppi" {*Contam rF- rC++ MR- Regen+ Str+9} (You found it in a bailey)
  7834 | D:9      | Identified the +0 pair of gloves of the Wumpus {rElec rPois Regen+ Int-3} (You found it in a bailey)
  7883 | Lair:1   | Entered Level 1 of the Lair of Beasts
  8314 | Lair:1   | Noticed a five-headed hydra
  8321 | Lair:1   | Killed a five-headed hydra
  8572 | Lair:2   | Received a gift from Trog
  8643 | Lair:2   | Reached skill level 10 in Fighting
  8693 | Lair:2   | Reached skill level 16 in Axes
  8907 | Lair:2   | Found a staircase to the Swamp.
  8996 | Lair:2   | Reached skill level 10 in Armour
  8998 | Lair:2   | Found a snail-covered altar of Cheibriados.
  9004 | Lair:2   | Reached XP level 12. HP: 68/107 MP: 11/11
  9145 | Lair:2   | Found a hole to the Spider Nest.
  9270 | Lair:2   | Reached ****** piety under Trog
  9769 | Lair:3   | Noticed a five-headed hydra
  9777 | Lair:3   | Killed a five-headed hydra
  9777 | Lair:3   | Reached skill level 17 in Axes
  9819 | Lair:3   | Noticed Fannar
  9829 | Lair:3   | Killed Fannar
 10302 | Lair:4   | Noticed a catoblepas
 10316 | Lair:4   | Killed a catoblepas
 10434 | Lair:4   | Received a gift from Trog
 10464 | Lair:4   | Noticed a four-headed hydra
 10475 | Lair:4   | Killed a four-headed hydra
 10680 | Lair:4   | Noticed an eight-headed hydra
 10687 | Lair:4   | Killed an eight-headed hydra
 10796 | Lair:4   | Reached XP level 13. HP: 109/118 MP: 12/12
 10798 | Lair:4   | Reached skill level 10 in Shields
 11200 | Lair:5   | Reached skill level 18 in Axes
 11570 | Lair:5   | Found a dark tunnel.
 11575 | Volcano  | Entered a volcano
 12405 | Lair:6   | Entered Level 6 of the Lair of Beasts
 12450 | Lair:6   | Received a gift from Trog
 12532 | Lair:6   | Reached XP level 14. HP: 112/129 MP: 13/13
 12536 | Lair:6   | Reached skill level 19 in Axes
 13051 | Lair:6   | Received a gift from Trog
 13169 | Lair:6   | Found a staircase to the Slime Pits.
 13170 | Lair:6   | Found a viscous altar of Jiyva.
 13750 | D:10     | Entered Level 10 of the Dungeon
 13770 | D:10     | Received a gift from Trog
 14630 | D:11     | Reached skill level 20 in Axes
 15098 | D:12     | Noticed a tengu reaver
 15098 | D:12     | Noticed a war gargoyle
 15098 | D:12     | Noticed a shadow dragon
 15227 | D:12     | Found a staircase to the Orcish Mines.
 15613 | D:12     | Found Limuxedo's Magic Scroll Emporium.
 15624 | D:12     | Bought a scroll of noise for 12 gold pieces
 15624 | D:12     | Bought a scroll of fog for 24 gold pieces
 15624 | D:12     | Bought a scroll of random uselessness for 12 gold pieces
 15969 | D:11     | Killed a tengu reaver
 16020 | D:12     | Killed a shadow dragon
 16020 | D:12     | Reached skill level 15 in Fighting
 16020 | D:12     | Reached XP level 15. HP: 40/141 MP: 4/14
 16053 | D:12     | Annihilated by an ettin

Skill      XL: |  1  2  3  4  5  6  7  8  9 10 11 12 13 14 |
---------------+-------------------------------------------+-----
Axes           | 4 5 6 8 9 11 13 15 16 17 18 20 | 20.3
Fighting       | 4 5 6 7 9 10 12 13 15 | 15.0
Armour         | 3 4 5 6 7 8 10 11 12 | 12.7
Shields        | 2 4 6 8 9 11 12 | 12.7
Dodging        | |  2.1

Action                   |  1- 3 |  4- 6 |  7- 9 | 10-12 | 13-15 || total
-------------------------+-------+-------+-------+-------+-------++-------
Melee: Hand axe          |   105 |   229 |   375 |   570 |   483 ||  1762
       Headbutt          |    19 |    52 |    92 |   178 |   202 ||   543
       Whip              |       |       |       |    25 |    20 ||    45
       War axe           |       |       |       |       |   174 ||   174
Invok: Berserk           |       |     3 |     3 |     4 |     7 ||    17
       Trog's Hand       |       |     1 |       |       |     1 ||     2
       Burn Spellbooks   |       |       |       |     3 |     3 ||     6
  Use: Scroll            |       |       |       |       |    12 ||    12
 Stab: Distracted        |       |       |       |       |     1 ||     1
  Eat: Chunk             |     1 |    10 |    12 |    16 |    17 ||    56
       Ration            |       |       |       |     1 |     2 ||     3
Armor: Chain mail        |    58 |    94 |   146 |   132 |       ||   430
       Ice dragon scales |       |       |       |   114 |   307 ||   421
Dodge: Dodged            |    43 |    78 |   103 |   192 |   234 ||   650
Block: Buckler           |       |       |    44 |   111 |   155 ||   310
